 Dungeon Crawl Stone Soup version 0.20.1-1-g8b1a95d (webtiles) character file.

656 gobwax the Firebug (level 7, -3/41 HPs)
             Began as an Octopode Fire Elementalist on Aug 24, 2017.
             Killed from afar by an orc wizard (10 damage)
             ... with a puff of flame
             ... on level 4 of the Dungeon on Aug 25, 2017.
             The game lasted 00:15:53 (4669 turns).

gobwax the Firebug (Octopode Fire Elementalist)     Turns: 4669, Time: 00:15:53

Health: -3/41      AC:  1    Str:  7    XL:     7   Next: 55%
Magic:  3/14       EV: 13    Int: 29    God:
Gold:   352        SH:  0    Dex: 13    Spells: 5/15 levels left

rFire    . . .     SeeInvis .   r - +4 quarterstaff (chaos)
rCold    . . .     Gourm    .   (shield currently unavailable)
rNeg     . . .     Faith    .   (helmet restricted)
rPois    .         Spirit   .   c - amulet of regeneration
rElec    .         Reflect  .   n - +5 ring of intelligence
rCorr    .         Harm     .   k - ring of loudness (curse)
MR       .....                  (no ring)
Stlth    ++........             (no ring)
Regen    0.6/turn               (no ring)
MPRegen  0.2/turn               (no ring)
                                (no ring)
                                (no ring)

@: brilliant
A: almost no armour, stealthy swim, amphibious, 8 rings, constrict 8, camouflage
1, gelatinous body 1
a: no special abilities


You were on level 4 of the Dungeon.
You were not hungry.

You visited 1 branch of the dungeon, and saw 4 of its levels.

You collected 352 gold pieces.

Inventory:

Hand Weapons
 r - a +4 quarterstaff of chaos (weapon)
Missiles
 q - 142 stones (quivered)
Armour
 s - a +0 cloak
Jewellery
 c - an amulet of regeneration (around mantle)
 j - an uncursed ring of ice
 k - a cursed ring of loudness (right tentacle)
 n - a +5 ring of intelligence (left tentacle)
 t - a cursed -3 ring of dexterity {unknown}
Scrolls
 e - 2 scrolls of remove curse {unknown}
 g - a scroll of recharging
 h - 2 scrolls of teleportation {unknown}
 o - 3 scrolls of identify {unknown}
 p - a scroll of amnesia {unknown}
 v - a scroll of noise {unknown}
 w - a scroll of blinking {unknown}
 y - a scroll of enchant weapon {unknown}
Potions
 d - a potion of brilliance
 l - a potion of curing
 u - a potion of invisibility {unknown}
Books
 a - a book of Flames

   Spells                             Type                      Level
   a - Flame Tongue                   Conjuration/Fire             1
   b - Throw Flame                    Conjuration/Fire             2
   c - Conjure Flame                  Conjuration/Fire             3
   d - Inner Flame                    Hexes/Fire                   3
   e - Sticky Flame                   Conjuration/Fire             4
   f - Fireball                       Conjuration/Fire             5
 f - a book of Cantrips

   Spells                             Type                      Level
   a - Confusing Touch                Hexes                        1
   b - Animate Skeleton               Necromancy                   1
   c - Summon Small Mammal            Summoning                    1
   d - Apportation                    Translocation                1
Comestibles
 b - 4 bread rations
 i - 2 royal jellies
 x - a meat ration


   Skills:
 - Level 2.0 Dodging
 - Level 2.6 Stealth
 + Level 4.7 Spellcasting
 + Level 3.8 Conjurations
 + Level 5.9 Fire Magic


You had 5 spell levels left.
You knew the following spells:

 Your Spells              Type           Power        Failure   Level  Hunger
a - Flame Tongue          Conj/Fire      #####        1%          1    None
b - Throw Flame           Conj/Fire      ######       1%          2    None
c - Conjure Flame         Conj/Fire      ######..     1%          3    #......
d - Sticky Flame          Conj/Fire      ######..     1%          4    ###....


Dungeon Overview and Level Annotations

Branches:
Dungeon (4/15)
 Temple: D:4-7

Altars:
Hepliaklqana
Qazlal


Innate Abilities, Weirdness & Mutations

You cannot wear most types of armour.
You are very stealthy in the water. (Stealth+)
You are amphibious.
You can wear up to eight rings at the same time.
You can use your tentacles to constrict eight enemies at once.
Your skin changes colour to match your surroundings (Stealth+).
Your rubbery body absorbs attacks. (AC +1, EV +1)


Message History

Something hits you but does no damage.
Things that are here:
a dagger; an orc corpse
Things that are here:
a hand axe; 2 potions of heal wounds You hear some strange, mumbled words.
A puff of flame appears from out of thin air!
The puff of flame misses you.
Things that are here:
a trident of protection; an orc corpse A magic dart appears from out of thin air!
The magic dart hits you!
* * * LOW HITPOINT WARNING * * *
You hear some strange, mumbled words.
A puff of flame appears from out of thin air!
The puff of flame misses you.
You hear some strange, mumbled words.
A puff of flame appears from out of thin air!
The puff of flame hits you!
You die...

######....# ......
#....#....####### ......
#...............###.....
#..)....##.........
#.##))......#......
#.####.##...#...... #.##
#..#.......... #..#
##.#...#...... ##@#
#.#...#...... #.#
#............ #.#
##....##..... #.#
#...###...## #.#
#........... #.#
#........... #.#
#........... #.#
#...........
#...........


There were no monsters in sight!

Vanquished Creatures
  An ice beast (D:4)
  A hound (D:4)
  6 orc wizards
  4 orc priests (D:4)
  Crazy Yiuf (D:3)
  2 worker ants (D:4)
  Natasha (D:3)
  3 adders
  2 oozes
  3 worms (D:3)
  3 dart slugs
  2 leopard geckos
  14 orcs
  13 giant cockroaches
  11 goblins
  4 hobgoblins
  3 jackals (D:1)
  A quokka (D:2)
  4 bats
  4 frilled lizards
  7 kobolds
  5 rats
95 creatures vanquished.

Vanquished Creatures (others)
  7 toadstools (D:1)
7 creatures vanquished.

Grand Total: 102 creatures vanquished

Notes
Turn   | Place    | Note
-------+----------+-------------------------------------------
     0 | D:1      | gobwax the Octopode Fire Elementalist began the quest for the Orb.
     0 | D:1      | Reached XP level 1. HP: 11/11 MP: 3/3
   391 | D:1      | Reached XP level 2. HP: 17/17 MP: 5/5
   840 | D:1      | Reached XP level 3. HP: 20/21 MP: 6/6
   976 | D:2      | Reached skill level 4 in Fire Magic
  1295 | D:2      | Noticed a water elemental
  1297 | D:2      | Found a stormy altar of Qazlal.
  1298 | D:2      | Noticed a fire elemental
  1298 | D:2      | Noticed an earth elemental
  1298 | D:2      | Noticed an air elemental
  1572 | D:2      | Found a hazy altar of Hepliaklqana.
  1657 | D:2      | Reached XP level 4. HP: 27/27 MP: 7/7
  2814 | D:3      | Found a runed door.
  2842 | D:3      | Learned a level 2 spell: Throw Flame
  2846 | D:3      | Learned a level 3 spell: Conjure Flame
  3071 | D:3      | Reached XP level 5. HP: 22/31 MP: 1/9
  3422 | D:3      | Noticed Natasha
  3433 | D:3      | Killed Natasha
  3715 | D:3      | Noticed Crazy Yiuf
  3728 | D:3      | Killed Crazy Yiuf
  3840 | D:4      | Reached skill level 5 in Fire Magic
  3853 | D:4      | Reached XP level 6. HP: 18/36 MP: 6/11
  3911 | D:4      | Noticed an ice beast
  3912 | D:4      | Learned a level 4 spell: Sticky Flame
  3941 | D:4      | Killed an ice beast
  4143 | D:4      | Reached XP level 7. HP: 41/41 MP: 13/13
  4652 | D:4      | HP: 1/41 [something/magic dart (7)]
  4669 | D:4      | Killed from afar by an orc wizard

Skill      XL: |  1  2  3  4  5  6 |
---------------+-------------------+-----
Fire Magic     | 4 5 |  5.9
Spellcasting   | 3 4 |  4.7
Conjurations   | 2 3 |  3.8
Dodging        | |  2.0
Stealth        | |  2.6

Action                   |  1- 3 |  4- 6 |  7- 9 || total
-------------------------+-------+-------+-------++-------
Melee: Unarmed           |    87 |    65 |       ||   152
       Constrict         |    23 |    19 |     1 ||    43
       Tentacles         |    19 |    11 |     1 ||    31
       Quarterstaff      |       |     9 |    14 ||    23
 Fire: Hunting sling     |       |     2 |       ||     2
 Cast: Flame Tongue      |    24 |    61 |    26 ||   111
       Conjure Flame     |       |     2 |       ||     2
       Throw Flame       |       |       |    18 ||    18
       Sticky Flame      |       |       |     1 ||     1
  Use: Potion            |       |     5 |     3 ||     8
       Scroll            |       |       |     1 ||     1
 Stab: Sleeping          |     6 |     5 |       ||    11
  Eat: Chunk             |     2 |     6 |       ||     8
       Bread ration      |       |     1 |       ||     1
Armor: Skin              |    14 |     8 |     2 ||    24
Dodge: Dodged            |    82 |    57 |     4 ||   143
